 Dungeon Sprint DCSS version 0.30-a0-177-g1cb5dbfd7a (webtiles) character file.

Game seed: 3490550687723097713

4935 hellse the Grappler (level 10, 0/115 HPs)
             Began as a Troll Fighter on Oct 2, 2022.
             Was the Champion of Cheibriados.
             Killed from afar by a deep elf knight (32 damage)
             ... with a shard of ice
             ... in the Dungeon (Sprint III: "The Ten Rune Challenge").
             The game lasted 00:02:38 (529 turns).

hellse the Grappler (Troll Fighter)                  Turns: 529, Time: 00:02:39

Health: 0/115      AC:  6    Str: 45    XL:     10   Next: 27%
Magic:  9/9        EV: 13    Int: 19    God:    Cheibriados [******]
Gold:   1070       SH: 12    Dex: 24    Spells: 9/9 levels left

rFire   . . .      SeeInvis .      - Unarmed
rCold   . . .      Faith    .    b - +0 kite shield
rNeg    . . .      Spirit   .    p - +2 robe
rPois   .          Reflect  .    (helmet restricted)
rElec   .          Harm     .    (no cloak)
rCorr   .          Rampage  .    (gloves unavailable)
Will    .....      NoTele   +    (boots unavailable)
Stlth   ++........               (no amulet)
HPRegen 1.19/turn                (no ring)
MPRegen 0.11/turn                (no ring)

@: very slow
A: large, unfitting armour, claws 3, regeneration 1, shaggy fur 1, tough skin 1
a: Renounce Religion, Bend Time, Temporal Distortion, Slouch, Step From Time


You were in the Dungeon.
You worshipped Cheibriados.
Cheibriados was exalted by your worship.
You visited 1 branch You collected 1070 gold pieces.

Inventory:

Armour
 a - a +0 robe
 b - a +0 kite shield (worn)
 p - a +2 robe (worn)
 q - a +0 robe of cold resistance
Scrolls
 i - a scroll of blinking
 k - a scroll of immolation {unknown}
 l - 3 scrolls of identify
 n - a scroll of torment {unknown}
Potions
 c - a potion of might
 d - a potion of curing
 e - a potion of heal wounds
 f - a potion of haste
 g - 2 potions of magic
 h - a potion of berserk rage
 j - 5 potions of flight
 m - 4 potions of mutation
 o - a potion of lignification {unknown}


   Skills:
 - Level 12.2 Fighting
 + Level 9.3 Armour
 - Level 6.1 Dodging
 - Level 6.7 Shields
 - Level 14.2 Unarmed Combat


You had 9 spell levels left.
You didn't know any spells.
Your spell library contained the following spells:

 Spells                   Type           Power      Damage    Failure   Level
 Apportation              Tloc           0%         N/A       38%         1
 Alistair's Intoxication  Tmut/Pois      0%         N/A       100%        5


Dungeon Overview and Level Annotations

Branches:
Dungeon (1/1)

Altars:
Cheibriados
Dithmenos
Elyvilon
Fedhas
Gozag
Hepliaklqana
Kikubaaqudgha
Makhleb
Nemelex Xobeh
Okawaru
Qazlal
Ru
Sif Muna
Trog
Uskayaw
Vehumet
Wu Jian
Xom
Yredelemnul
Zin
The Shining One
Jiyva
Lugonu

Shops:
D [


Innate Abilities, Weirdness & Mutations

You are too large for most types of armour.
You have claws for hands.
Your natural rate of healing is unusually fast.
You are covered in fur. (AC +1)
You have tough skin. (AC +1)


Message History

You hear some strange, mumbled words.
A shard of ice appears from out of thin air!
The shard of ice misses you.
The deep elf knight points at you and mumbles some strange words.
The shard of ice hits you!!
You hear some strange, mumbled words.
A lance of force appears from out of thin air!
You block the lance of force.
Your Armour skill gained 2 levels and is now at level 8!
Unknown command.
You closely miss something.
The deep elf knight casts a spell.
The deep elf knight seems to speed up.
Something hits you!!
You barely miss something. Something hits you.
You claw something!
Cheibriados thoroughly appreciates the change of pace.
Reactivating autopickup.
You feel a bit more experienced.
The deep elf knight hits you with a +1 vampiric short sword!
* * * LOW HITPOINT WARNING * * *
Your Armour skill increases to level 9!
Unknown command.
You scratch the deep elf knight.
The deep elf knight is lightly wounded.
The deep elf knight gestures at you while chanting.
You block the lance of force.
You claw the deep elf knight!
The deep elf knight is moderately wounded.
The deep elf knight gestures wildly while chanting.
The deep elf knight flickers and vanishes!
Deactivating autopickup; reactivate with Ctrl-A.
Something hits you!
* * * LOW HITPOINT WARNING * * *
You feel much better. Something hits you!
* * * LOW HITPOINT WARNING * * *
You claw something!
You hear some strange, mumbled words.
A shard of ice appears from out of thin air!
The shard of ice hits you!!
You die...

▓▓ ▓▓▓▓▓▓
#######.##.#..########
_#__##$#$...#..'.#...#
)#._#.$........#.#...##≈
##)##........###.#...≈≈≈
....#.$........#@#...##≈
....#..)∩####..#){...#
###'#.#### ##########
#...#'#########
#...#.§§~~'.#.+
#...#.#§§~#)#.#
#..)))#.§§#.#.#
'...#.#...#...#
▓▓▓▓▓▓▓▓▓▓▓▓▓▓▓


There were no monsters in sight!

Vanquished Creatures
  Josephine (D)
  3 deep elf knights (D)
  2 deep elf pyromancers (D)
  An orc sorcerer (D)
  A shadow (D)
  A spatial vortex (D)
  4 orc warriors (D)
  An earth elemental (D)
  A necrophage (D)
  A water elemental (D)
  A scorpion (D)
  A jelly (D)
  5 orc priests (D)
  Jessica (D)
  2 orc wizards (D)
  A wizard (D)
  A necromancer (D)
  A kobold demonologist (D)
  3 humans (D)
  6 orcs (D)
  2 endoplasms (D)
40 creatures vanquished.

Notes
Turn   | Place    | Note
-------+----------+-------------------------------------------
     0 | D        | hellse the Troll Fighter began the quest for the Orb.
     0 | D        | Reached XP level 1. HP: 22/22 MP: 0/0
    23 | D        | Noticed Jessica
    29 | D        | Killed Jessica
    30 | D        | Reached skill level 4 in Unarmed Combat
    30 | D        | Reached XP level 2. HP: 32/32 MP: 1/1
    30 | D        | Reached XP level 3. HP: 39/39 MP: 2/2
    52 | D        | Reached skill level 5 in Unarmed Combat
    52 | D        | Noticed a scorpion
    58 | D        | Killed a scorpion
    59 | D        | Reached skill level 5 in Fighting
    59 | D        | Reached skill level 6 in Unarmed Combat
    59 | D        | Reached XP level 4. HP: 41/52 MP: 3/3
    78 | D        | Noticed a water elemental
    83 | D        | Killed a water elemental
    84 | D        | Reached skill level 7 in Unarmed Combat
    84 | D        | Reached XP level 5. HP: 54/61 MP: 4/4
    95 | D        | Noticed a shadow
    99 | D        | Killed a shadow
   100 | D        | Reached skill level 9 in Unarmed Combat
   100 | D        | Reached XP level 6. HP: 70/72 MP: 5/5
   107 | D        | Found a blossoming altar of Fedhas.
   107 | D        | Found a stormy altar of Qazlal.
   108 | D        | Found a snail-covered altar of Cheibriados.
   108 | D        | Found a burning altar of Makhleb.
   108 | D        | Found a hazy altar of Hepliaklqana.
   108 | D        | Found a shimmering altar of Xom.
   108 | D        | Found an opulent altar of Gozag.
   108 | D        | Found a sparkling altar of Nemelex Xobeh.
   108 | D        | Found a corrupted altar of Lugonu.
   108 | D        | Found a viscous altar of Jiyva.
   108 | D        | Noticed a spatial vortex
   110 | D        | Became a worshipper of Cheibriados the Contemplative
   115 | D        | Killed a spatial vortex
   116 | D        | Reached skill level 10 in Unarmed Combat
   125 | D        | Found a basalt altar of Yredelemnul.
   125 | D        | Found a shadowy altar of Dithmenos.
   125 | D        | Found a sacrificial altar of Ru.
   127 | D        | Reached * piety under Cheibriados
   130 | D        | Reached skill level 11 in Unarmed Combat
   130 | D        | Reached XP level 7. HP: 62/83 MP: 6/6
   132 | D        | Found a hide-covered altar of Uskayaw.
   132 | D        | Found an iron altar of Okawaru.
   133 | D        | Found a bloodstained altar of Trog.
   133 | D        | Found an ornate altar of the Wu Jian Council.
   133 | D        | Noticed a human
   133 | D        | Noticed a human
   136 | D        | Killed a human
   137 | D        | Reached skill level 10 in Fighting
   145 | D        | Killed a human
   145 | D        | Reached ** piety under Cheibriados
   146 | D        | Reached skill level 12 in Unarmed Combat
   197 | D        | Found a glowing silver altar of Zin.
   197 | D        | Found a glowing golden altar of the Shining One.
   197 | D        | Found a white marble altar of Elyvilon.
   197 | D        | Noticed a deep elf pyromancer
   205 | D        | Killed a deep elf pyromancer
   206 | D        | Reached skill level 13 in Unarmed Combat
   206 | D        | Reached XP level 8. HP: 93/97 MP: 7/7
   216 | D        | Found a radiant altar of Vehumet.
   216 | D        | Found a shimmering blue altar of Sif Muna.
   216 | D        | Found an ancient bone altar of Kikubaaqudgha.
   220 | D        | Reached *** piety under Cheibriados
   247 | D        | Noticed Josephine
   257 | D        | Killed Josephine
   258 | D        | Reached skill level 14 in Unarmed Combat
   284 | D        | Reached XP level 9. HP: 106/106 MP: 8/8
   294 | D        | Noticed an orc sorcerer
   306 | D        | Reached **** piety under Cheibriados
   319 | D        | Killed an orc sorcerer
   320 | D        | Reached skill level 5 in Shields
   321 | D        | Reached ***** piety under Cheibriados
   340 | D        | Reached skill level 5 in Dodging
   350 | D        | Reached ****** piety under Cheibriados
   482 | D        | Found Zaiwn's Armour Shop.
   506 | D        | Noticed a deep elf knight
   506 | D        | Noticed a deep elf knight
   506 | D        | Noticed a deep elf knight
   506 | D        | Noticed a deep elf knight
   506 | D        | Noticed a deep elf pyromancer
   513 | D        | Killed a deep elf knight
   516 | D        | Killed a deep elf knight
   517 | D        | Reached XP level 10. HP: 115/115 MP: 9/9
   522 | D        | Killed a deep elf pyromancer
   525 | D        | Killed a deep elf knight
   529 | D        | Killed from afar by a deep elf knight

Illustrated notes

Levels and vault maps discovered:
D:        dungeon_sprint_mu [sprint_mu_entry_cave, sprint_mu_temple_rooms,
          sprint_mu_d1_horrors, sprint_mu_d2_genie, sprint_mu_d3_branching,
          sprint_mu_orc_legion, sprint_mu_elf_gauntlet, sprint_mu_hive_nellie,
          sprint_mu_lair_fedhas, sprint_mu_vaults_butterflies,
          sprint_mu_slime_circle, sprint_mu_swamp_cave, sprint_mu_snake_twists,
          sprint_mu_blade_basic, sprint_mu_crypt_chambers,
          sprint_mu_tomb_spiral, sprint_mu_vestibule_basic,
          sprint_mu_gehenna_hellfire, sprint_mu_dis_giant,
          sprint_mu_tartarus_statrot, sprint_mu_cocytus_islands, sprint_mu_zot1]

Skill      XL: |  1  2  3  4  5  6  7  8  9 10 |
---------------+-------------------------------+-----
Fighting       | 4 5 6 8 9 11 12 | 12.2
Unarmed Combat | 4 6 7 9 11 13 14 | 14.2
Shields        | 3 6 |  6.7
Dodging        | 6 |  6.1
Armour         | 6 9 |  9.3

Action                   |  1- 3 |  4- 6 |  7- 9 | 10-12 || total
-------------------------+-------+-------+-------+-------++-------
Melee: Unarmed           |    19 |    19 |    77 |    12 ||   127
  Use: Potion            |       |       |       |     1 ||     1
 Stab: Sleeping          |     1 |       |     1 |       ||     2
       Distracted        |       |       |     1 |       ||     1
Armor: Robe              |     5 |     3 |     3 |       ||    11
Dodge: Dodged            |     2 |     3 |     7 |     1 ||    13
Block: Kite shield       |     4 |     6 |    23 |     5 ||    38

Table legend: (Time is in decaauts)
 A = Elapsed time spent in this place.
 B = Non-inter-level travel time spent in this place.
 C = Inter-level travel time spent in this place.
 D = Time resting spent in this place.
 E = Time spent auto-exploring this place.
 F = Levels seen in this place.
 G = Mean time per level.
                   A        B        C        D        E       F      G
               +--------+--------+--------+--------+--------+-----+--------+
         Total |    613 |    613 |      0 |    162 |     23 |   1 |  613.0 |
       Dungeon |    613 |    613 |      0 |    162 |     23 |   1 |  613.0 |
               +--------+--------+--------+--------+--------+-----+--------+

Top non-repeatable levels by time:
       D: 613 daAuts
